 Dungeon Crawl Stone Soup version 0.18-b1-22-ge198996 (webtiles) character file.

8271 varam the Covert (level 11, -7/56 HPs)
             Began as a Spriggan Enchanter on May 3, 2016.
             Was an Initiate of Kikubaaqudgha.
             Killed from afar by a balrug (13 damage)
             ... with a fireball
             ... on level 3 of the Abyss.
             The game lasted 01:02:39 (13362 turns).

varam the Covert (Spriggan Enchanter)              Turns: 13362, Time: 01:02:40

Health: -7/56      AC:  7    Str:  9    XL:     11   Next: 7%
Magic:  21/21      EV: 26    Int: 18    God:    Kikubaaqudgha [......]
Gold:   297        SH:  2    Dex: 21    Spells: 5 memorised, 9 levels left

rFire  + . .     SeeInvis +     (weapon restricted)
rCold  . . .     Gourm    .     b - +1 robe
rNeg   . . .     Faith    .     (shield restricted)
rPois  .         Spirit   .     (helmet restricted)
rElec  .         Dismiss  .     I - +1 cloak
rCorr  .         Reflect  .     (gloves unavailable)
SustAt .         Harm     .     (boots unavailable)
MR     +....                    (no amulet)
Stlth  +++.......               k - ring of protection from fire
                                l - +5 ring of strength

@: liquid flames, glowing, very quick, somewhat resistant to hostile
enchantments, fairly stealthy
A: unfitting armour, large bone plates 1, see invisible, agile 1, herbivore 3,
speed 3, slow metabolism 2, subdued magic 1
a: Renounce Religion


You were on level 3 of the Abyss.
You worshipped Kikubaaqudgha.
Kikubaaqudgha was noncommittal.
You were full.

You visited 2 branches of the dungeon, and saw 11 of its levels.
You visited the Abyss 1 time.
You also visited: Trove and Sewer.

You collected 369 gold pieces.
You spent 72 gold pieces at shops.

Inventory:

Hand Weapons
 p - a +2 rapier of venom
 u - the +8 war axe "Syiwoxir" {vamp, rN+++ Str-3 Dex-4 Stlth+}
   (You found it on level 4 of the Dungeon)

   It inflicts no extra harm, but heals its wielder somewhat when it strikes a
   living foe.
   It affects your strength (-3).
   It affects your dexterity (-4).
   It renders you almost immune to negative energy.
   It makes you more stealthy.
 B - the +8 scimitar of Disaster {drain, -Tele rF+ Stlth+}
   (You found it in a treasure trove)

   A truly terrible weapon, it drains the life of those it strikes.
   It protects you from fire.
   It prevents most forms of teleportation.
   It makes you more stealthy.
 M - a +0 hunting sling
 O - a +0 dagger of venom
 P - a +4 quick blade
 Q - a +4 quick blade
 R - a +2 broad axe of freezing
 S - a +4 whip of electrocution
 T - a +3 rapier of flaming
 U - a +0 dagger of electrocution
 V - the +7 short sword of the Ass {freeze, *Confuse rF+ Dex+7 Stlth+}
   (You found it in a treasure trove)

   It has been specially enchanted to freeze those struck by it, causing extra
   injury to most foes and up to half again as much damage against particularly
   susceptible opponents.
   It can also slow down cold-blooded creatures.
   It affects your dexterity (+7).
   It protects you from fire.
   It may confuse you when you take damage.
   It makes you more stealthy.
 W - the +6 hand axe of Qazlal's Displeasure {chop, Str+3}
   (You found it in a treasure trove)

   It inflicts extra damage upon your enemies.
   It affects your strength (+3).
 Y - a +2 rapier of draining
Missiles
 N - 50 sling bullets
Armour
 b - a +1 robe (worn)
 I - a +1 cloak (worn)
Jewellery
 k - a ring of protection from fire (right hand)
 l - a +5 ring of strength (left hand)
Wands
 j - a wand of confusion (23/48)
 A - a wand of lightning (11/15)
 E - a wand of digging (7/24)
 H - a wand of acid (8/15)
 J - a wand of iceblast (6/15)
 L - a wand of iceblast (6/15)
Scrolls
 e - 4 scrolls of teleportation
 f - 5 scrolls of remove curse
 g - 3 scrolls of recharging
 i - 3 scrolls of identify
 m - 2 scrolls of noise
 n - 3 scrolls of fog
 o - 2 scrolls of enchant armour
 s - 2 scrolls of magic mapping
 v - a scroll of enchant weapon {unknown}
 w - a scroll of blinking {unknown}
 x - 3 scrolls of immolation
 y - 2 scrolls of amnesia
 K - 5 scrolls of torment {unknown}
Potions
 q - a potion of resistance
 r - 4 potions of flight {unknown}
 t - a potion of agility {unknown}
 z - a potion of heal wounds {unknown}
 C - a potion of haste {unknown}
 D - a potion of cure mutation {unknown}
 F - 3 potions of curing {unknown}
 G - a potion of degeneration {unknown}
Books
 a - Kikubaaqudgha's Grimoire of Dark Rituals
   (Kikubaaqudgha gifted it to you on level 9 of the Dungeon)

   Spells                             Type                      Level
   a - Animate Dead                   Necromancy                   4
   b - Excruciating Wounds            Charms/Necromancy            5
   c - Bolt of Draining               Conjuration/Necromancy       5
   d - Dispel Undead                  Necromancy                   5
   e - Simulacrum                     Ice/Necromancy               6
 c - a book of Maledictions

   Spells                             Type                      Level
   a - Corona                         Hexes                        1
   b - Ensorcelled Hibernation        Hexes/Ice                    2
   c - Confuse                        Hexes                        3
   d - Tukima's Dance                 Hexes                        3
   e - Dazzling Spray                 Conjuration/Hexes            3
 h - Kikubaaqudgha's Compendium of Evil Secrets
   (Kikubaaqudgha gifted it to you on level 7 of the Dungeon)

   Spells                             Type                      Level
   a - Animate Skeleton               Necromancy                   1
   b - Corpse Rot                     Necromancy                   2
   c - Sublimation of Blood           Necromancy                   2
   d - Vampiric Draining              Necromancy                   3
   e - Control Undead                 Necromancy                   4
Comestibles
 d - 4 bread rations


   Skills:
 + Level 5.9 Fighting
 + Level 9.2 Short Blades
 - Level 8.7 Dodging
 - Level 12.0 Stealth
 - Level 6.0 Spellcasting
 - Level 10.4 Hexes


You had 9 spell levels left.
You knew the following spells:

 Your Spells              Type           Power        Failure   Level  Hunger
a - Ensorcelled Hibernat  Hex/Ice        ###...       1%          2    None
b - Corona                Hex            ####...      1%          1    None
c - Confuse               Hex            ####....     1%          3    ##.....
d - Dazzling Spray        Conj/Hex       ###.....     3%          3    ##.....
e - Animate Dead          Necr           N/A          91%         4    ####...


Dungeon Overview and Level Annotations

Branches:
Dungeon (10/15)            Temple (1/1) D:4            Lair (0/8) D:8
    Orc (0/2) D:9

Altars:
Ashenzari
Dithmenos
Elyvilon
Fedhas
Gozag
Kikubaaqudgha
Makhleb
Nemelex Xobeh
Pakellas
Qazlal
Ru
Sif Muna
Trog
Vehumet
Xom
The Shining One

Shops:
D:6 *   D:9 =   D:10 (


Innate Abilities, Weirdness & Mutations

You are tiny and cannot use many weapons and most armour.
You have supernaturally acute eyesight.
You are a herbivore.
You cover ground extremely quickly.
You need consume almost no food.
You are partially covered in large bone plates (AC +2, SH +2).
You are agile. (Dex +2)
Your spells are a little easier to cast, but a little less powerful.


Message History

You feel strangely stable. The balrug gestures at you. Something smites you!
* * * LOW HITPOINT WARNING * * *
The balrug gestures at you. The sticky flame hits you! You resist.
You are covered in liquid flames!
* * * LOW HITPOINT WARNING * * *
You are covered in liquid flames!
* * * LOW HITPOINT WARNING * * *
You are covered in liquid flames!
* * * LOW HITPOINT WARNING * * *
You are covered in liquid flames!
* * * LOW HITPOINT WARNING * * *
You are covered in liquid flames!
* * * LOW HITPOINT WARNING * * *
The balrug gestures at you.
The fireball explodes!
The fireball engulfs you! You resist.
You die...
Kikubaaqudgha rasps: "You have failed me!
Welcome... death!"

#########
#..@....#
#...2...#
##....#####
##....### .#
#...... .#.
#.....#...#.
#...........
##...........
......####..


You could see a balrug.

Vanquished Creatures
  Erica (D:8)
  An unseen horror (D:10)
  The ghost of Wooh the Fighter, a novice TeGl of Dithmenos (D:7)
  Joseph (D:8)
  3 trolls (D:9)
  A two-headed ogre (D:9)
  Eustachio (D:6)
  2 wyverns
  The ghost of Borgoz the Ruffian, an amateur NaTm (Sewer)
  2 wargs (D:8)
  Menkaure (D:4)
  An ice beast (D:7)
  A sky beast (D:6)
  A black bear (D:8)
  A phantom (D:9)
  6 orc warriors
  2 necrophages
  9 ogres
  3 centaurs
  4 big kobolds
  2 giant frogs
  3 gnoll sergeants (D:9)
  A wyvern zombie (D:10)
  5 killer bees (D:10)
  2 scorpions
  3 wights (D:7)
  A howler monkey (D:9)
  3 crimson imps
  2 giant frog zombies
  A jelly (D:10)
  6 hounds
  10 orc priests
  3 giant frog skeletons
  5 orc wizards
  A centaur skeleton (D:6)
  Terence (D:2)
  An iguana (D:9)
  9 worker ants
  A hound skeleton (D:7)
  Robin (D:2)
  5 gnolls (D:9)
  13 adders
  A river rat (Sewer)
  A shadow imp (D:5)
  2 worms
  4 dart slugs
  6 giant geckos
  29 orcs
  4 giant cockroaches
  10 goblins
  11 hobgoblins
  14 jackals
  3 ball pythons
  4 bats
  3 giant newts
  13 kobolds
  14 rats
241 creatures vanquished.

Notes
Turn   | Place    | Note
--------------------------------------------------------------
     0 | D:1      | varam the Spriggan Enchanter began the quest for the Orb.
     0 | D:1      | Reached XP level 1. HP: 9/9 MP: 5/5
   331 | D:1      | Reached XP level 2. HP: 13/13 MP: 4/6
   580 | D:1      | Reached skill level 5 in Stealth
   830 | D:2      | Learned a level 2 spell: Ensorcelled Hibernation
  1339 | D:2      | Reached XP level 3. HP: 16/16 MP: 6/8
  1797 | D:2      | Learned a level 3 spell: Confuse
  2327 | D:2      | Reached skill level 6 in Stealth
  2327 | D:2      | Reached XP level 4. HP: 21/21 MP: 6/9
  2353 | D:2      | Noticed Robin
  2518 | D:2      | Killed Robin
  2528 | D:2      | Noticed Terence
  2583 | D:2      | Killed Terence
  3111 | D:3      | Reached XP level 5. HP: 24/24 MP: 3/10
  3122 | D:3      | You fall through a shaft!
  3286 | D:4      | Reached skill level 7 in Stealth
  3363 | D:4      | Found a glowing drain.
  3438 | Sewer    | Entered a sewer
  3639 | Sewer    | Noticed Borgoz's ghost (amateur NaTm)
  3695 | Sewer    | Killed Borgoz's ghost
  3695 | Sewer    | Reached skill level 5 in Short Blades
  3695 | Sewer    | Reached skill level 8 in Stealth
  3695 | Sewer    | Reached XP level 6. HP: 28/28 MP: 3/11
  3807 | Sewer    | Gained mutation: You are agile. (Dex +2) [potion of mutation]
  3807 | Sewer    | Gained mutation: Your spells are a little easier to cast, but a little less powerful. [potion of mutation]
  3807 | Sewer    | Gained mutation: You are partially covered in large bone plates (AC +2, SH +2). [potion of mutation]
  4929 | D:3      | Found a faded altar to an unknown god.
  5709 | D:4      | Noticed Menkaure
  5711 | D:4      | Killed Menkaure
  5711 | D:4      | Reached XP level 7. HP: 32/32 MP: 11/14
  5771 | D:4      | Found a staircase to the Ecumenical Temple.
  5904 | D:4      | Reached skill level 5 in Hexes
  5906 | D:4      | Found a glowing golden altar of the Shining One.
  5920 | D:4      | Found a shattered altar of Ashenzari.
  5939 | D:4      | Found a white marble altar of Elyvilon.
  6012 | D:4      | Found a shadowy altar of Dithmenos.
  6173 | D:4      | Got a transparent war axe
  6174 | D:4      | Identified the +8 war axe "Syiwoxir" {vamp, rN+++ Str-3 Dex-4 Stlth+} (You found it on level 4 of the Dungeon)
  6280 | D:5      | Entered Level 5 of the Dungeon
  6329 | D:5      | Got a glittering granite ring
  7128 | Temple   | Entered the Ecumenical Temple
  7136 | Temple   | Became a worshipper of Kikubaaqudgha
  7202 | D:6      | Reached XP level 8. HP: 36/36 MP: 15/15
  7521 | D:6      | Identified the ring "Impyzedgh" {*Tele Str+4} (You found it on level 5 of the Dungeon)
  7610 | D:6      | Found a burning altar of Makhleb.
  7773 | D:6      | Noticed Eustachio
  7780 | D:6      | Killed Eustachio
  7780 | D:6      | Reached skill level 10 in Hexes
  7980 | D:6      | Found Sofaithy's Assorted Antiques.
  8018 | D:6      | Bought a scroll of identify for 36 gold pieces
  8018 | D:6      | Bought a scroll of identify for 36 gold pieces
  8230 | D:7      | Reached skill level 1 in Fighting
  8290 | D:7      | Reached * piety under Kikubaaqudgha
  8290 | D:7      | Received a gift from Kikubaaqudgha
  8293 | D:7      | Identified Kikubaaqudgha's Compendium of Evil Secrets (Kikubaaqudgha gifted it to you on level 7 of the Dungeon)
  8298 | D:7      | Learned a level 3 spell: Dazzling Spray
  8312 | D:7      | Reached skill level 5 in Dodging
  8312 | D:7      | Reached XP level 9. HP: 42/42 MP: 16/16
  8905 | D:7      | Noticed Wooh's ghost (novice TeGl)
  8919 | D:7      | Killed Wooh's ghost
  9079 | D:8      | Noticed Erica
  9142 | D:8      | Found a sparkling altar of Nemelex Xobeh.
  9295 | D:8      | Found an oddly glowing altar of Pakellas.
  9296 | D:8      | Killed Erica
  9296 | D:8      | Reached skill level 9 in Stealth
  9468 | D:8      | Found a staircase to the Lair.
  9497 | D:8      | Reached skill level 10 in Stealth
  9911 | D:8      | Reached XP level 10. HP: 46/49 MP: 0/17
 10021 | D:8      | Noticed Joseph
 10031 | D:8      | Killed Joseph
 10284 | D:8      | Reached skill level 11 in Stealth
 10474 | D:9      | Reached ** piety under Kikubaaqudgha
 11335 | D:9      | Found Guntis's Jewellery Emporium.
 11351 | D:9      | Reached skill level 12 in Stealth
 11388 | D:9      | Found a staircase to the Orcish Mines.
 11567 | D:9      | Reached skill level 5 in Spellcasting
 11889 | D:9      | Reached skill level 5 in Fighting
 12338 | D:9      | Reached *** piety under Kikubaaqudgha
 12338 | D:9      | Received a gift from Kikubaaqudgha
 12339 | D:9      | Identified Kikubaaqudgha's Grimoire of Dark Rituals (Kikubaaqudgha gifted it to you on level 9 of the Dungeon)
 12356 | D:9      | Learned a level 4 spell: Animate Dead
 12876 | D:10     | Entered Level 10 of the Dungeon
 12923 | D:10     | Found Gouj Bue's Weapon Boutique.
 13126 | D:10     | Found a portal to a secret trove of treasure.
 13159 | D:10     | Reached XP level 11. HP: 49/56 MP: 1/21
 13167 | D:10     | Noticed an unseen horror
 13176 | D:10     | Killed an unseen horror
 13199 | Trove    | Entered a treasure trove
 13271 | Trove    | Got a fine short sword
 13272 | Trove    | Identified the +7 short sword of the Ass {freeze, *Confuse rF+ Dex+7 Stlth+} (You found it in a treasure trove)
 13274 | Trove    | Got a pitted hand axe
 13275 | Trove    | Identified the +6 hand axe of Qazlal's Displeasure {chop, Str+3} (You found it in a treasure trove)
 13277 | Trove    | Got a faintly glowing morningstar
 13278 | Trove    | Identified the +4 morningstar "Esocest" {crush, Str+4 Int+4 Stlth+} (You found it in a treasure trove)
 13285 | Trove    | Got a translucent shortbow
 13286 | Trove    | Identified the +1 shortbow of Emnux {velocity, -Tele rF+ Int+4} (You found it in a treasure trove)
 13303 | Trove    | Got an ancient scimitar
 13304 | Trove    | Identified the +8 scimitar of Disaster {drain, -Tele rF+ Stlth+} (You found it in a treasure trove)
 13309 | Trove    | Cast into level 3 of the Abyss (a distortion unwield)
 13328 | Abyss:3  | Noticed a balrug
 13362 | Abyss:3  | Killed from afar by a balrug

Skill      XL: |  1  2  3  4  5  6  7  8  9 10 |
---------------+-------------------------------+-----
Short Blades   | 2 3 4 5 7 9 |  9.2
Stealth        | 5 6 8 10 12 | 12.0
Spellcasting   | 4 6 |  6.0
Hexes          | 4 7 10 | 10.4
Fighting       | 2 3 5 |  5.9
Dodging        | 5 8 |  8.7

Action                   |  1- 3 |  4- 6 |  7- 9 | 10-12 || total
-------------------------+-------+-------+-------+-------++-------
Melee: Dagger            |    63 |   113 |   114 |    98 ||   388
       Rapier            |       |       |    81 |    62 ||   143
 Fire: Hunting sling     |       |       |       |     7 ||     7
 Cast: Corona            |    10 |       |       |       ||    10
       Ensorcelled Hiber |    20 |    28 |    34 |    37 ||   119
       Confuse           |     2 |    44 |    58 |    63 ||   167
  Use: Potion            |       |     2 |       |       ||     2
       Scroll            |       |       |    10 |     4 ||    14
 Stab: Sleeping          |    17 |    27 |    41 |    24 ||   109
       Confused          |       |    19 |    36 |    29 ||    84
       Distracted        |       |     1 |     1 |     1 ||     3
  Eat: Bread ration      |     1 |     1 |     2 |     2 ||     6
       Royal jelly       |       |       |     1 |       ||     1
Armor: Robe              |     6 |     8 |    13 |     7 ||    34
Dodge: Dodged            |    46 |    66 |    62 |    80 ||   254
Block: Other             |       |     1 |     6 |     7 ||    14
